 Dungeon Crawl Stone Soup version 0.17-a0-2073-gde5cdba (webtiles) character file.

430 Ohli the Shield-Bearer (level 6, -6/38 HPs)
             Began as a Tengu Fighter on Oct 15, 2015.
             Mangled by an ogre
             ... wielding a +0 giant club
              (25 damage)
             ... on level 4 of the Dungeon.
             The game lasted 00:09:38 (2684 turns).

Ohli the Shield-Bearer (Tengu Fighter)              Turns: 2684, Time: 00:09:39

Health: -6/38      AC:  9    Str: 18    XL:     6   Next: 99%
Magic:  7/7        EV:  9    Int:  8    God:
Gold:   178        SH: 10    Dex: 14    Spells: 0 memorised, 5 levels left

rFire  . . .     SeeInvis .     a - +0 war axe
rCold  . . .     Clarity  .     b - +0 scale mail
rNeg   . . .     SustAt   .     y - +0 shield
rPois  .         Gourm    .     j - +1 hat
rElec  .         Spirit   .     (no cloak)
rCorr  .         Warding  .     w - +0 pair of gloves
rMut   .         Stasis   .     (boots unavailable)
MR     .....                    (no amulet)
Stlth  ..........               (no ring)
                                A - ring of flight

@: not resistant to hostile enchantments, extremely unstealthy
A: beak, talons 3, able to fly 1
a: Fly, Evoke Flight


You were on level 4 of the Dungeon.
You were not hungry.

You visited 1 branch of the dungeon, and saw 4 of its levels.

You collected 178 gold pieces.

Inventory:

Hand Weapons
 a - a +0 war axe (weapon)
Armour
 b - a +0 scale mail (worn)
 j - a +1 hat (worn)
 w - a +0 pair of gloves (worn)
 y - a +0 shield (worn)
Jewellery
 A - a ring of flight (left hand)
Scrolls
 f - 5 scrolls of remove curse {unknown}
 h - a scroll of identify {unknown}
 i - a scroll of noise {unknown}
 k - a scroll of fog {unknown}
 l - a scroll of blinking {unknown}
 q - 2 scrolls of magic mapping {unknown}
 r - a scroll of fear {unknown}
 t - a scroll of random uselessness {unknown}
 z - 2 scrolls of amnesia {unknown}
Potions
 g - a potion of invisibility {unknown}
 m - 4 potions of curing {unknown}
 n - a potion of agility {unknown}
 o - a potion of degeneration {unknown}
 u - a potion of haste {unknown}
 v - a potion of might
Books
 c - a book of the Earth

   Spells                             Type                      Level
   a - Leda's Liquefaction            Hexes/Earth                  4
   b - Bolt of Magma                  Conjuration/Fire/Earth       5
   c - Statue Form                    Transmutation/Earth          6
   d - Iron Shot                      Conjuration/Earth            6
   e - Shatter                        Earth                        9
Comestibles
 d - a slice of pizza
 e - 3 bread rations
 p - 2 fruits
 s - 7 chunks of flesh
 x - a meat ration


   Skills:
 * Level 4.0 Fighting
 + Level 3.7 Axes
 + Level 4.7 Armour
 + Level 2.7 Dodging
 + Level 4.8 Shields


You had 5 spell levels left.
You didn't know any spells.

Dungeon Overview and Level Annotations

Branches:
Dungeon (4/15)
 Temple: D:4-7

Altars:
Makhleb
Okawaru
Vehumet
Zin


Innate Abilities, Weirdness & Mutations

You have a beak for a mouth.
You have claws for feet.
You can fly.


Message History

Eat one of 8 chunks of flesh? (ye/n/q/i?) This raw flesh tastes terrible.
You continue eating.
HP restored.
You continue eating.
An ogre comes into view. It is wielding a giant club.
The ogre shouts!
An iguana and an adder come into view.
The iguana hisses angrily.
The teleport trap disappears.
The adder disappears!
The ogre closely misses you.
You hit the ogre.
The ogre is lightly wounded.
The ogre hits you with a giant club!!
Ouch! That really hurt!
You slash the ogre!
The ogre is heavily wounded.
The ogre hits you with a giant club!!
Ouch! That really hurt!
You die...

....# .....
#....# #....#
#....##
#.l..# #.O.##
#..@.##
##....##
##....##
#.....# ##
##....## ...
##....###....
#........#
##.....###
##...##


You could see an ogre and an iguana.

Vanquished Creatures
  Sigmund (D:2)
  A phantom (D:3)
  A hound (D:4)
  7 gnolls
  An adder (D:3)
  A worm (D:2)
  4 giant geckos
  4 orcs (D:3)
  A ball python (D:2)
  7 hobgoblins
  4 jackals (D:3)
  A quokka (D:3)
  8 bats
  2 giant cockroaches
  5 giant newts
  7 goblins
  11 kobolds
  4 rats
70 creatures vanquished.

Notes
Turn   | Place    | Note
--------------------------------------------------------------
     0 | D:1      | Ohli the Tengu Fighter began the quest for the Orb.
     0 | D:1      | Reached XP level 1. HP: 14/14 MP: 2/2
   187 | D:1      | Reached XP level 2. HP: 10/19 MP: 3/3
   543 | D:2      | Reached XP level 3. HP: 23/23 MP: 4/4
   681 | D:2      | Noticed Sigmund
   950 | D:2      | Killed Sigmund
   950 | D:2      | Reached skill level 4 in Armour
   950 | D:2      | Reached XP level 4. HP: 4/28 MP: 5/5
   950 | D:2      | Gained mutation: You can fly. [Tengu growth]
   950 | D:2      | Reached XP level 5. HP: 4/32 MP: 6/6
  1272 | D:2      | Found a radiant altar of Vehumet.
  1272 | D:2      | Found a burning altar of Makhleb.
  1966 | D:3      | Noticed a phantom
  2010 | D:3      | Killed a phantom
  2010 | D:3      | Reached XP level 6. HP: 19/38 MP: 7/7
  2149 | D:3      | Found an iron altar of Okawaru.
  2500 | D:4      | Found a glowing silver altar of Zin.
  2684 | D:4      | Mangled by an ogre

Vault maps used:
D:1:      tarquinn_simple_flora_water_c
D:2:      amethyst_overflow_temple_binary, uniq_sigmund
D:3:      nicolae_overflow_crystal_walls, st_stairs_6
D:4:      kennysheep_mini_moat, first_bread

Action                   |  1- 3 |  4- 6 || total
-------------------------+-------+-------++-------
Melee: War axe           |    74 |   139 ||   213
  Use: Potion            |     1 |       ||     1
  Eat: Chunk             |       |     6 ||     6
